 Dungeon Crawl Stone Soup version 0.27-a0-1273-gec92ba881d (webtiles) character file.

Game seed: 2725821200886792571

66 ZappyNine the Skirmisher (level 4, -2/41 HPs)
             Began as a Hill Orc Monk on June 11, 2021.
             Slain by a gnoll
             ... wielding a +0 whip
              (6 damage)
             ... on level 2 of the Dungeon.
             The game lasted 00:01:31 (1558 turns).

ZappyNine the Skirmisher (Hill Orc Monk)            Turns: 1558, Time: 00:01:32

Health: -2/41      AC: 11    Str: 14    XL:     4   Next: 15%
Magic:  0/4        EV:  4    Int: 10    God:
Gold:   63         SH:  0    Dex: 13    Spells: 3/3 levels left

rFire    . . .     SeeInvis .   a - +0 hand axe
rCold    . . .     Faith    .   (no shield)
rNeg     . . .     Spirit   +   k - +0 plate armour
rPois    .         Reflect  .   (no helmet)
rElec    .         Harm     .   (no cloak)
rCorr    .         Rampage  .   (no gloves)
Will     .....                  (no boots)
Stlth    ..........             i - amulet of guardian spirit
HPRegen  0.13/turn              h - ring of wizardry
MPRegen  0.09/turn              (no ring)

@: no status effects
A: camouflage 1
a: no special abilities


You were on level 2 of the Dungeon.
You visited 1 branch of the dungeon, and saw 2 of its levels.

You collected 63 gold pieces.

Inventory:

Hand Weapons
 a - a +0 hand axe (weapon)
Armour
 g - a +0 ring mail
 k - a +0 plate armour (worn)
Jewellery
 h - a ring of wizardry (left hand)
 i - an amulet of guardian spirit (around neck)
Scrolls
 d - a scroll of fear {unknown}
 e - a scroll of teleportation {unknown}
 f - 2 scrolls of enchant weapon {unknown}
 j - a scroll of noise {unknown}


   Skills:
 + Level 4.7 Fighting
 - Level 4.0 Axes
 + Level 2.3 Armour
 - Level 2.7 Dodging
 - Level 1.5 Stealth


You had 3 spell levels left.
You didn't know any spells.
Your spell library was empty.

Dungeon Overview and Level Annotations

Branches:
Dungeon (2/15)

Altars:


Innate Abilities, Weirdness & Mutations

Your skin changes colour to match your surroundings (Stealth+).


Message History

You hit the gnoll.
You kill the gnoll!
You have reached level 4!
You hit the gnoll.
The gnoll is moderately wounded.
The gnoll hits you but does no damage.
Unknown command.
You hit the gnoll.
The gnoll is almost dead.
The gnoll hits you with a +0 club.
* * * LOW HITPOINT WARNING * * *
The gnoll hits you but does no damage.
Unknown command.
You hit the gnoll but do no damage.
The gnoll is almost dead.
The gnoll hits you with a +0 club.
* * * LOW HITPOINT WARNING * * *
Unknown command.
You barely miss the gnoll.
The gnoll is almost dead.
The gnoll hits you with a +0 club.
* * * LOW HITPOINT WARNING * * *
Unknown command.
Unknown command.
You completely miss the gnoll.
The gnoll is severely wounded.
Unknown command.
The gnoll hits you with a +0 whip.
* * * LOW HITPOINT WARNING * * *
The gnoll hits you but does no damage.
Unknown command.
The gnoll hits you but does no damage.
Unknown command.
Items here: )) ††.
It was a potion of mutation.
You feel extremely strange.
You feel a little pissed off.
Your skin functions as natural camouflage.
You feel a little more calm. The gnoll hits you with a +0 whip!
You die...

....# #.# #.#.# #.#
#.#.# #.# ####.#.####
#.# #.........##
#.########
#..........#
#.........
#......g...#
#.........
######g###.#
#......... #@###.#
#......... #..##.#
#.........
##.##.###.........
#####.##.....########
...######
#......####..#
........# ##+####.##
#..## ....###.#
#....##..###...#######
.. #.#
#....##..##...........
#.#
#....+................


You could see 2 gnolls.

Vanquished Creatures
  2 gnolls (D:2)
  2 adders (D:2)
  3 goblins (D:1)
  2 hobgoblins
  3 jackals (D:1)
  A quokka (D:1)
  3 ball pythons
  A bat (D:1)
  5 frilled lizards
  8 kobolds (D:1)
  2 rats (D:1)
32 creatures vanquished.

Vanquished Creatures (others)
  2 plants (D:1)
2 creatures vanquished.

Grand Total: 34 creatures vanquished

Notes
Turn   | Place    | Note
-------+----------+-------------------------------------------
     0 | D:1      | ZappyNine the Hill Orc Monk began the quest for the Orb.
     0 | D:1      | Reached XP level 1. HP: 19/19 MP: 1/1
   308 | D:1      | Reached XP level 2. HP: 25/27 MP: 2/2
   401 | D:1      | Reached skill level 1 in Armour
   662 | D:1      | Reached XP level 3. HP: 33/33 MP: 3/3
  1527 | D:2      | Reached XP level 4. HP: 14/41 MP: 0/4
  1540 | D:2      | HP: 1/41 [gnoll/+0 whip (4)]
  1558 | D:2      | Gained mutation: You tend to lose your temper in combat.
                  | [potion of mutation]
  1558 | D:2      | Gained mutation: Your skin changes colour to match your
                  | surroundings (Stealth+). [potion of mutation]
  1558 | D:2      | Lost mutation: You tend to lose your temper in combat.
                  | [potion of mutation]
  1558 | D:2      | Slain by a gnoll

Illustrated notes

Levels and vault maps discovered:
D:1:      dpeg_arrival_refuge, layout_loops_cross, lexackson_kobold_supper
D:2:      layout_basic, hellmonk_ecumenical_altar_heavens_door

Skill      XL: |  1  2  3 |
---------------+----------+-----
Armour         | 1 2 |  2.3
Fighting       | 4 |  4.7
Axes           | |  4.0
Dodging        | |  2.7
Stealth        | |  1.5

Action                   |  1- 3 |  4- 6 || total
-------------------------+-------+-------++-------
Melee: Hand axe          |    98 |     5 ||   103
  Use: Potion            |       |     1 ||     1
Armor: Robe              |     4 |       ||     4
       Chain mail        |    31 |       ||    31
       Ring mail         |    11 |       ||    11
       Plate armour      |     5 |     4 ||     9
Dodge: Dodged            |    30 |       ||    30

Table legend: (Time is in decaauts)
 A = Elapsed time spent in this place.
 B = Non-inter-level travel time spent in this place.
 C = Inter-level travel time spent in this place.
 D = Time resting spent in this place.
 E = Time spent auto-exploring this place.
 F = Levels seen in this place.
 G = Mean time per level.
                   A        B        C        D        E       F      G
               +--------+--------+--------+--------+--------+-----+--------+
         Total |   1567 |   1499 |     68 |    319 |    921 |   2 |  783.5 |
       Dungeon |   1567 |   1499 |     68 |    319 |    921 |   2 |  783.5 |
               +--------+--------+--------+--------+--------+-----+--------+

Top non-repeatable levels by time:
     D:1: 885 daAuts
     D:2: 681 daAuts
